 Dungeon Crawl Stone Soup version 0.20-a0-926-g560771d (webtiles) character file.

39608 Morrissey the Bludgeoner (level 14, -23/92 HPs)
             Began as a Gargoyle Monk on Feb 11, 2017.
             Was a High Priest of Makhleb.
             Annihilated by Rupert
             ... wielding a +6 great sword of electrocution
              (37 damage)
             ... on level 6 of the Lair of Beasts on Mar 28, 2017.
             The game lasted 00:45:49 (17356 turns).

Morrissey the Bludgeoner (Gargoyle Monk)           Turns: 17356, Time: 00:45:50

Health: -23/92     AC: 34    Str: 17    XL:     14   Next: 7%
Magic:  20/20      EV:  7    Int: 13    God:    Makhleb [*****.]
Gold:   1133       SH:  0    Dex: 13    Spells: 13/13 levels left

rFire    . . .     SeeInvis +   b - +0 morningstar
rCold    . . .     Gourm    .   (no shield)
rNeg     + + .     Faith    .   n - +0 plate armour
rPois    ∞         Spirit   .   e - +1 helmet
rElec    +         Reflect  .   r - +2 cloak
rCorr    .         Harm     .   P - +0 pair of gloves
MR       +....                  U - +0 pair of boots
Stlth    ..........             X - amulet of magic regeneration
Regen    0.3/turn               Z - ring of positive energy
MPRegen  0.3/turn               Y - ring of see invisible

@: studying Poison Magic
A: big wings, negative energy resistance 1, electricity resistance, unbreathing,
petrification resistance, rot immunity, AC +9
a: Fly, Minor Destruction, Lesser Servant of Makhleb, Major Destruction, Greater
Servant of Makhleb, Renounce Religion


You were on level 6 of the Lair of Beasts.
You worshipped Makhleb.
Makhleb was extremely pleased with you.
You were not hungry.

You visited 2 branches of the dungeon, and saw 17 of its levels.
You also visited: Labyrinth and Bailey.

You collected 1133 gold pieces.

Inventory:

Hand Weapons
 a - a +1 flail of draining
 b - a +0 morningstar (weapon)
 v - a +0 mace of holy wrath
Armour
 e - a +1 helmet (worn)
 n - a +0 plate armour (worn)
 r - a +2 cloak (worn)
 P - a +0 pair of gloves (worn)
 U - a +0 pair of boots (worn)
Jewellery
 o - an uncursed ring of resist corrosion
 B - an uncursed ring of protection from fire
 I - an uncursed ring of protection from magic
 T - an uncursed ring of protection from cold
 X - an amulet of magic regeneration (around neck)
 Y - a ring of see invisible (right hand)
 Z - a ring of positive energy (left hand)
Wands
 h - a wand of acid (7/15)
 i - a wand of confusion (25/48)
 t - a wand of iceblast (6/15)
 z - a wand of flame (29/48)
 L - a wand of paralysis (2/24)
 M - a wand of scattershot (4/9)
 N - a wand of lightning (1/15)
 V - a wand of lightning (5/15)
Scrolls
 d - 6 scrolls of amnesia
 f - 7 scrolls of teleportation
 k - 2 scrolls of recharging
 q - a scroll of silence {unknown}
 u - 3 scrolls of enchant weapon
 w - 6 scrolls of fear
 y - 2 scrolls of vulnerability {unknown}
 C - 2 scrolls of enchant armour
 F - 2 scrolls of magic mapping
 R - a scroll of fog {unknown}
 W - 3 scrolls of remove curse
Potions
 g - 4 potions of invisibility
 l - 2 potions of agility
 m - 9 potions of curing
 p - 4 potions of flight
 s - a potion of haste
 A - 3 potions of brilliance
 D - a potion of magic
 H - 2 potions of cancellation
 K - 3 potions of resistance
 Q - a potion of mutation
Books
 x - a manual of Poison Magic
 O - a book of Transfigurations

   Spells                             Type                      Level
   a - Irradiate                      Conjuration/Transmutation    5
   b - Statue Form                    Transmutation/Earth          6
   c - Hydra Form                     Transmutation                6
   d - Dragon Form                    Transmutation                7
 S - a book of Changes

   Spells                             Type                      Level
   a - Beastly Appendage              Transmutation                1
   b - Sticks to Snakes               Transmutation                2
   c - Spider Form                    Transmutation/Poison         3
   d - Ice Form                       Ice/Transmutation            4
   e - Blade Hands                    Transmutation                5
Comestibles
 c - 7 bread rations
 j - 19 royal jellies
 E - a meat ration
 G - 17 fruits
 J - 5 chunks of flesh


   Skills:
 + Level 12.8 Fighting
   Level 0.0(9.6) Axes
 * Level 15.6 Maces & Flails
 + Level 12.2 Armour
 - Level 2.4 Dodging
 - Level 2.1 Stealth
 + Level 8.2 Invocations


You had 13 spell levels left.
You didn't know any spells.

Dungeon Overview and Level Annotations

Branches:
Dungeon (11/15)            Temple (0/1) D:7            Lair (6/6) D:10
 Shoals (0/4) Lair:3        Snake (0/4) Lair:3        Slime (0/5) Lair:5
    Orc: D:9-12

Altars:
Ashenzari
Cheibriados
Dithmenos
Fedhas
Kikubaaqudgha
Makhleb
Nemelex Xobeh
Okawaru
Qazlal
Uskayaw
Vehumet
Xom
Yredelemnul
Zin

Annotations:
Lair:6 Rupert


Innate Abilities, Weirdness & Mutations

You are resistant to torment.
Your stone body is resilient. (AC +9)
You are immune to poison.
Your large and strong wings let you fly indefinitely.
You resist negative energy. (rN+)
You are resistant to electric shocks. (rElec)
You can survive without breathing.
You are immune to petrification.
You are immune to rotting.


Message History

Your orange demon poisons Rupert!
Your orange demon hits Rupert.
Your smoke demon hits Rupert. x3
Rupert hits your smoke demon with a great sword of electrocution!!
Lightning courses through your smoke demon!
Your smoke demon dies!
Your orange demon stings Rupert.
Your orange demon barely misses Rupert.
Your orange demon barely misses Rupert.
A demon appears!
Rupert hits you but does no damage.
Your orange demon closely misses Rupert.
You swap places.
Rupert hits your neqoxec with a great sword of electrocution!!
Lightning courses through your neqoxec!
Your neqoxec dies!
A demon appears!
Rupert hits you with a great sword of electrocution!
* * * LOW HITPOINT WARNING * * *
Your orange demon stings Rupert from afar.
Rupert rages.
Rupert hits you with a great sword of electrocution!!!
You die...

### ##.# ### ##
#####..###########P##.####
##.#....#..##.#.#.P.#.#.P.##.#
..............................
................@@..4.........
............................##
................4.......#####
.......................##
##.....................P#
#####...................P
####..................
###..#####.....##.. #### ..


You could see Rupert (berserk) and 2 friendly orange demons.

Vanquished Creatures
  Gastronok (D:8)
  A minotaur (Lab)
  Harold (Lair:4)
  4 hydras
  A catoblepas (Lair:3)
  Erica (D:11)
  2 two-headed ogres
  A death yak (Lair:5)
  Pikel (D:7)
  3 deep elf magi
  2 manticores (D:7)
  A merfolk siren (Lair:3)
  A black mamba (Lair:3)
  Joseph (D:9)
  Maurice (D:10)
  7 spiny frogs
  A torpor snail (Lair:5)
  3 gargoyles
  6 rime drakes
  4 komodo dragons
  4 trolls
  2 polar bears
  2 merfolk (Lair:3)
  Grinder (D:4)
  Prince Ribbit (D:8)
  A slime creature (Lair:5)
  7 dream sheep
  2 hornets (D:9)
  5 hippogriffs
  10 blink frogs
  A vampire (D:11)
  28 yaks
  A wyvern (D:10)
  A wraith (D:11)
  A hog (D:7)
  A hungry ghost (D:9)
  Grum (D:8)
  2 basilisks
  3 wargs (D:10)
  A soldier ant (D:9)
  14 water moccasins
  3 porcupines (Lair:5)
  2 sky beasts
  A slave (D:7)
  7 black bears
  The ghost of Narsil the Sneak, an amateur NaEn (D:3)
  4 necrophages (Lair:5)
  5 ogres
  2 centaurs
  2 wolves (D:8)
  8 crocodiles
  7 bullfrogs
  3 scorpions
  10 howler monkeys
  3 wights (D:8)
  2 electric eels
  7 crimson imps
  A centaur zombie (D:5)
  A bullfrog zombie (D:8)
  4 bullfrog skeletons
  9 hounds
  8 orc priests
  7 jellies
  4 centaur skeletons
  Terence (D:2)
  An iguana (D:8)
  7 orc wizards
  8 worker ants
  A statue (D:8)
  A worker ant zombie (D:7)
  Robin (D:3)
  11 gnolls
  2 howler monkey skeletons
  19 adders
  A shadow imp (D:6)
  An ooze (D:2)
  An adder zombie (D:8)
  2 dart slugs (D:2)
  4 leopard geckos
  49 orcs
  6 giant cockroaches
  16 goblins
  8 hobgoblins
  8 jackals
  4 quokkas
  A ball python (Lair:3)
  4 bats
  5 frilled lizards
  4 kobolds
  A quokka skeleton (D:4)
  10 rats
  A bush (D:2)
411 creatures vanquished.

Vanquished Creatures (collateral kills)
  Nergalle (Lair:2)
  A spiny frog (Lair:2)
  A komodo dragon (Lair:2)
  A porcupine (Lair:2)
4 creatures vanquished.

Vanquished Creatures (others)
  A slave (D:7)
  An orc priest (D:7)
  An orc wizard (D:10)
  3 orcs
  7 fungi
  4 plants
17 creatures vanquished.

Grand Total: 432 creatures vanquished

Notes
Turn   | Place    | Note
-------+----------+-------------------------------------------
     0 | D:1      | Morrissey the Gargoyle Monk began the quest for the Orb.
     0 | D:1      | Reached XP level 1. HP: 14/14 MP: 1/1
    71 | D:1      | Upgraded the game from 0.20-a0-631-g6870b83 to 0.20-a0-638-gd210ae2
   336 | D:1      | Reached XP level 2. HP: 17/19 MP: 2/2
   860 | D:2      | Found a shattered altar of Ashenzari.
   959 | D:2      | Reached XP level 3. HP: 23/24 MP: 3/3
  1054 | D:2      | Noticed Terence
  1079 | D:2      | Killed Terence
  1079 | D:2      | Reached skill level 4 in Maces & Flails
  1280 | D:2      | Reached XP level 4. HP: 28/29 MP: 4/4
  2075 | D:3      | Reached XP level 5. HP: 11/34 MP: 5/5
  2083 | D:3      | Upgraded the game from 0.20-a0-638-gd210ae2 to 0.20-a0-904-gd863c46
  2395 | D:3      | Reached skill level 5 in Maces & Flails
  2414 | D:3      | Reached skill level 5 in Fighting
  2443 | D:3      | Noticed a two-headed ogre
  2459 | D:3      | Noticed Narsil's ghost (amateur NaEn)
  2484 | D:3      | Killed Narsil's ghost
  2484 | D:3      | Reached skill level 1 in Armour
  2484 | D:3      | Reached XP level 6. HP: 25/40 MP: 6/6
  2540 | D:3      | Upgraded the game from 0.20-a0-904-gd863c46 to 0.20-a0-926-g560771d
  3196 | D:3      | Killed a two-headed ogre
  3196 | D:3      | Reached skill level 7 in Maces & Flails
  3196 | D:3      | Reached XP level 7. HP: 19/47 MP: 7/7
  3196 | D:3      | Reached XP level 8. HP: 22/52 MP: 8/8
  3496 | D:3      | Noticed Robin
  3503 | D:3      | Killed Robin
  3939 | D:4      | Noticed Grinder
  3957 | D:4      | Paralysed by Grinder for 7 turns
  3969 | D:4      | Paralysed by Grinder for 5 turns
  3974 | D:4      | Killed Grinder
  4374 | D:5      | Entered Level 5 of the Dungeon
  4389 | D:5      | Reached skill level 8 in Maces & Flails
  4564 | D:5      | Found a snail-covered altar of Cheibriados.
  4564 | D:5      | Found an iron altar of Okawaru.
  4641 | D:5      | Found a blossoming altar of Fedhas.
  4792 | D:5      | Reached skill level 5 in Armour
  4796 | D:5      | Reached XP level 9. HP: 57/57 MP: 9/9
  5405 | D:6      | Found a burning altar of Makhleb.
  5439 | D:6      | Reached skill level 9 in Maces & Flails
  5456 | D:6      | Became a worshipper of Makhleb the Destroyer
  5456 | D:6      | Reached * piety under Makhleb
  5456 | D:6      | Reached ** piety under Makhleb
  5535 | D:6      | Found a shadowy altar of Dithmenos.
  5679 | D:6      | Found a sparkling altar of Nemelex Xobeh.
  5764 | D:6      | Found a shimmering altar of Xom.
  5813 | D:6      | Found an ancient bone altar of Kikubaaqudgha.
  5918 | D:6      | Found a glowing silver altar of Zin.
  5919 | D:6      | Found a stormy altar of Qazlal.
  6303 | D:7      | Found a huge runed gate.
  6304 | D:7      | Found a huge runed gate.
  6305 | D:7      | Noticed a manticore
  6305 | D:7      | Found a huge runed gate.
  6305 | D:7      | Noticed a manticore
  6307 | D:7      | Noticed a polar bear
  6307 | D:7      | Found a huge runed gate.
  6338 | D:7      | Killed a manticore
  6356 | D:7      | Killed a polar bear
  6356 | D:7      | Reached skill level 10 in Maces & Flails
  6361 | D:7      | Killed a manticore
  6361 | D:7      | Reached XP level 10. HP: 57/65 MP: 10/10
  6387 | D:7      | Reached *** piety under Makhleb
  6391 | D:7      | Reached skill level 11 in Maces & Flails
  6438 | D:7      | Noticed Pikel
  6460 | D:7      | Killed Pikel
  6774 | D:7      | Found a basalt altar of Yredelemnul.
  6850 | D:7      | Found a staircase to the Ecumenical Temple.
  6976 | D:8      | Noticed Prince Ribbit
  7185 | D:8      | Found a hide-covered altar of Uskayaw.
  7191 | D:8      | Noticed Grum
  7224 | D:8      | Killed Grum
  7231 | D:8      | Killed Prince Ribbit
  7272 | D:8      | Found a radiant altar of Vehumet.
  7321 | D:8      | Noticed Gastronok
  7347 | D:8      | Killed Gastronok
  7347 | D:8      | Reached skill level 10 in Fighting
  7347 | D:8      | Reached skill level 12 in Maces & Flails
  7347 | D:8      | Reached XP level 11. HP: 72/72 MP: 11/11
  8137 | D:9      | Found a burning altar of Makhleb.
  8137 | D:9      | Noticed a deep elf mage
  8158 | D:9      | Killed a deep elf mage
  8360 | D:9      | Reached **** piety under Makhleb
  8393 | D:9      | Noticed Joseph
  8409 | D:9      | Killed Joseph
  8753 | D:10     | Entered Level 10 of the Dungeon
  8777 | D:10     | Noticed Maurice
  8790 | D:10     | Reached skill level 1 in Invocations
  8830 | D:10     | Killed Maurice
  8907 | D:10     | Reached skill level 13 in Maces & Flails
  9070 | D:10     | Noticed a two-headed ogre
  9072 | D:10     | Found a flagged portal.
  9090 | D:10     | Killed a two-headed ogre
  9090 | D:10     | Reached XP level 12. HP: 24/79 MP: 12/14
  9121 | Bailey   | Entered a bailey
  9388 | D:10     | Reached skill level 10 in Armour
  9528 | D:10     | Found a staircase to the Lair.
  9871 | D:10     | Reached ***** piety under Makhleb
 10007 | D:11     | Found a sparkling altar of Nemelex Xobeh.
 10143 | D:11     | Noticed Erica
 10180 | D:11     | Killed Erica
 10692 | Lair:1   | Entered Level 1 of the Lair of Beasts
 10942 | Lair:1   | Found a labyrinth entrance.
 10986 | Lab      | Entered a labyrinth
 11929 | Lab      | Noticed a minotaur
 11942 | Lab      | Killed a minotaur
 11942 | Lab      | Reached skill level 14 in Maces & Flails
 11942 | Lab      | Reached skill level 5 in Invocations
 11944 | Lab      | Got a scorched hand axe {freeze}
 11989 | Lab      | Identified the cursed +3 hand axe "Ocveirou" {freeze, +Inv rElec MP-9 SInv} (You took it off a minotaur in a labyrinth)
 12510 | Lair:2   | Noticed Nergalle
 12527 | Lair:2   | Killed Nergalle
 13122 | Lair:2   | Reached XP level 13. HP: 85/85 MP: 8/17
 13747 | Lair:3   | Found a staircase to the Snake Pit.
 14137 | Lair:3   | Found a staircase to the Shoals.
 15156 | Lair:4   | Noticed Harold
 15185 | Lair:4   | Killed Harold
 15549 | Lair:4   | Reached skill level 15 in Maces & Flails
 15645 | Lair:5   | Found a staircase to the Slime Pits.
 16700 | Lair:6   | Entered Level 6 of the Lair of Beasts
 17131 | Lair:6   | Gained mutation: Your large and strong wings let you fly indefinitely. [Gargoyle growth]
 17131 | Lair:6   | Reached XP level 14. HP: 85/92 MP: 20/20
 17338 | Lair:6   | Noticed Rupert
 17356 | Lair:6   | Annihilated by Rupert

Vault maps used:
D:1:      scummos_arrival_hexagon, hex_intersection,
          minmay_misc_feat_more_columns
D:2:      serial_forest, infiniplex_forest_clump_small,
          infiniplex_forest_side_room, infiniplex_forest_clump_large,
          infiniplex_forest_clump_small, infiniplex_forest_lined_2,
          infiniplex_forest_straight_3, infiniplex_forest_end_1,
          nicolae_ashenzari_panopticon, uniq_terence
D:3:      kennysheep_goblin_castle, hangedman_decor_clover_reticule
D:4:      first_bread, uniq_grinder
D:5:      overflow_temple_1_default, chequers_temple_overflow_statue_of_worship,
          minmay_crossroads
D:6:      bloody_makhleb, kiku_gazebo_pond_becter, grunt_temple_overflow_open,
          nemelex_xobeh_ov_fountains_minmay, nicolae_dithmenos_shadow_blocks
D:7:      lemuel_bear_cage, lemuel_round_altar, minmay_temple_entry_fiery,
          uniq_pikel
D:8:      eat_drink_and_be_merry_uskayaw, vehumet_statue, uniq_prince_ribbit1,
          uniq_grum, uniq_gastronok
D:9:      hangedman_pestilent_swarm, david_defended_altar_elf, uniq_joseph
D:10:     erik_lair_orcish_takeover, enter_bailey_2, grunt_decor_arrowhead,
          uniq_maurice
D:11:     basic_altar, uniq_erica
Lair:1:   lab_entry_generic, portal_ice_cave_rime
Lair:2:   grunt_forest_stairs_basic, grunt_megastairs_1, uniq_nergalle
Lair:3:   elwin_shoals_entry_rooms, minmay_snake_entry_six_corridors
Lair:4:   infiniplex_staircase_pool, uniq_harold
Lair:5:   minmay_slime_entry_pillars, roderic_carrion_pond
Lair:6:   cheibrodos_lair_end_hotspot, small_statue_intersection, uniq_rupert
Lab:      nicolae_lab_stuck, nicolae_lab_dead_end
Bailey:   bailey_polearm_3, bailey

Skill      XL: |  1  2  3  4  5  6  7  8  9 10 11 12 13 |
---------------+----------------------------------------+-----
Fighting       | 4 5 6 7 8 10 11 12 | 12.8
Maces & Flails | 4 5 7 8 10 12 13 14 15 | 15.6
Armour         | 1 3 5 7 8 9 11 12 | 12.2
Invocations    | 3 6 8 |  8.2
Dodging        | |  2.4
Stealth        | |  2.1

Action                   |  1- 3 |  4- 6 |  7- 9 | 10-12 | 13-15 || total
-------------------------+-------+-------+-------+-------+-------++-------
Melee: Mace              |   108 |   250 |    14 |    24 |       ||   396
       Flail             |       |    51 |   282 |   797 |   202 ||  1332
       Hand axe          |       |       |       |   120 |       ||   120
       Morningstar       |       |       |       |    12 |   524 ||   536
Invok: Lesser Servant of |       |       |       |     2 |     4 ||     6
Evoke: Wand              |       |       |     4 |     1 |     1 ||     6
  Use: Potion            |       |       |     2 |     2 |       ||     4
       Scroll            |       |       |       |    21 |     4 ||    25
 Stab: Sleeping          |       |       |     1 |     1 |       ||     2
  Eat: Chunk             |     1 |     6 |    11 |    18 |    10 ||    46
       Meat ration       |       |       |       |     1 |     1 ||     2
Armor: Robe              |    34 |       |       |       |       ||    34
       Ring mail         |    10 |    81 |   170 |   291 |       ||   552
       Plate armour      |       |       |       |   234 |   652 ||   886
Dodge: Dodged            |    69 |   119 |   148 |   378 |   216 ||   930
